 Dungeon Crawl Stone Soup version 0.15-a0-734-g2b8d6ef (webtiles) character file.

280 Raurakos the Spear-Bearer (level 6, 0/44 HPs)
             Began as a Merfolk Skald on May 11, 2014.
             Killed from afar by an orc wizard (9 damage)
             ... with a puff of flame
             ... on Level 4 of the Dungeon.
             The game lasted 00:23:29 (3816 turns).

Raurakos the Spear-Bearer (Merfolk Skald)           Turns: 3816, Time: 00:23:29

HP   0/44        AC  6     Str 12      XL: 6   Next: 27%
MP   3/3         EV 12     Int 13      God:
Gold 157         SH  0     Dex 14      Spells:  1 memorised,  8 levels left

rFire  . . .     SeeInvis .     k - +0,+1 trident (antimagic)
rCold  . . .     Clarity  .     r - +0 leather armour (curse)
rNeg   . . .     Conserve .     (no shield)
rPois  .         rCorr    .     (no helmet)
rElec  .         rRot     .     p - +1 cloak
SustAb . .       Spirit   .     (no gloves)
rMut   .         Warding  .     b - +0 pair of boots
Gourm  .         Stasis   .     (no amulet)
MR     .....                    (no ring)
                                (no ring)

@: not resistant to hostile enchantments, very unstealthy
A: change form in water, swift swim
a: no special abilities


You were on level 4 of the Dungeon.
You were very hungry.

You visited 1 branch of the dungeon, and saw 4 of its levels.

You collected 157 gold pieces.

Inventory:

Hand weapons
 a - a +0,+2 spear
 k - a +0,+1 anti-magic trident (weapon)
 q - a +0,+0 spear
Missiles
 f - 42 darts (quivered)
 m - a throwing net
Armour
 b - a +0 pair of boots (worn)
 p - a +1 cloak (worn)
 r - a cursed +0 leather armour (worn)
Magical devices
 w - a wand of disintegration (12)
Comestibles
 d - 3 bread rations
 i - an apple
 n - 2 meat rations
 u - a choko
Scrolls
 e - a scroll of enchant armour {unknown}
 h - a scroll of fear {unknown}
 l - 2 scrolls of remove curse
Potions
 j - a potion of brilliance
 o - a potion of curing {unknown}
Books
 c - a book of Battle

   Spells                             Type                      Level
   *Infusion                          Charms                       1
   Shroud of Golubria                 Charms/Translocation         2
   Song of Slaying                    Charms                       2
   Spectral Weapon                    Hexes/Charms                 3
   Regeneration                       Charms/Necromancy            3


   Skills:
 - Level 2.1 Fighting
 - Level 8.2 Polearms
 - Level 0.6 Armour
 + Level 3.9 Dodging
 - Level 2.0 Spellcasting
 - Level 3.2 Charms


You had 8 spell levels left.
You knew the following spells:

 Your Spells              Type           Power        Failure   Level  Hunger
a - Infusion              Chrm           #.....       10%         1    ##.....


Dungeon Overview and Level Annotations

Branches:
Dungeon (4/15)
 Temple: D:4-7

Altars:
Cheibriados
Dithmenos
Kikubaaqudgha
Qazlal
Sif Muna
Vehumet


Message History

You hit the orc wizard but do no damage.
The orc wizard is almost dead.
The orc wizard casts a spell at you. The magic dart hits you!
* * * LOW HITPOINT WARNING * * *
The orc wizard hits you with a runed dagger.
* * * LOW HITPOINT WARNING * * *
You barely miss the orc wizard.
The orc wizard is almost dead.
The orc wizard hits you with a runed dagger.
* * * LOW HITPOINT WARNING * * *
You completely miss the orc wizard.
The orc wizard is severely wounded.
The orc wizard hits you but does no damage.
You hit the orc wizard but do no damage.
The orc wizard is severely wounded.
The orc wizard hits you but does no damage.
The orc wizard points at you and mumbles some strange words.
The puff of flame hits you!
You die...

. .) ##+##### ##.# #......
...# #...(. #..# #....
#..# ..( ##..# #o# ....#
#o#
##.######.######@######.##
...(..>........)..........
....#####.#.####.#####....
....'...#.#+####.#
....###.#........#
.....##.#........#
####.##.#........####
...#.##.#.#.........#
...#.##.# #.####.##.#


You could see an orc wizard and an orc.

Vanquished Creatures
  A scorpion (D:3)
  A goliath beetle (D:3)
  2 worker ants (D:4)
  7 adders
  A worm (D:2)
  An ooze (D:2)
  8 orcs
  6 bats
  8 goblins
  4 hobgoblins
  6 jackals
  A ball python (D:1)
  2 giant cockroaches
  2 giant geckos
  4 giant newts
  6 kobolds
  5 rats
65 creatures vanquished.

Notes
Turn   | Place    | Note
--------------------------------------------------------------
     0 | D:1      | Raurakos, the Merfolk Skald, began the quest for the Orb.
     0 | D:1      | Reached XP level 1. HP: 16/16 MP: 3/3
   416 | D:1      | Reached skill level 4 in Polearms
   416 | D:1      | Reached XP level 2. HP: 22/22 MP: 4/4
  1028 | D:2      | Found an ancient bone altar of Kikubaaqudgha.
  1039 | D:2      | Reached skill level 5 in Polearms
  1039 | D:2      | Reached XP level 3. HP: 19/27 MP: 0/6
  1494 | D:2      | Found a stormy altar of Qazlal.
  1859 | D:2      | Reached skill level 6 in Polearms
  1894 | D:2      | Reached XP level 4. HP: 33/33 MP: 7/7
  1948 | D:2      | Found a shadowy altar of Dithmenos.
  2513 | D:3      | Found a deep blue altar of Sif Muna.
  2533 | D:3      | Found a snail-covered altar of Cheibriados.
  2921 | D:3      | Reached skill level 7 in Polearms
  2921 | D:3      | Reached XP level 5. HP: 38/38 MP: 3/9
  2970 | D:3      | Reached skill level 8 in Polearms
  3574 | D:4      | Reached XP level 6. HP: 40/44 MP: 3/10
  3593 | D:4      | Noticed an ogre
  3718 | D:4      | Found a radiant altar of Vehumet.
  3816 | D:4      | Killed from afar by an orc wizard

Action                   |  1- 3 |  4- 6 || total
-------------------------+-------+-------++-------
Melee: Spear             |   100 |    23 ||   123
       Trident           |       |   185 ||   185
Throw: Dart              |    40 |    45 ||    85
 Cast: Infusion          |     5 |     5 ||    10
Evoke: Wand              |       |     1 ||     1
  Use: Scroll            |     7 |     1 ||     8
       Potion            |       |     1 ||     1
 Stab: Sleeping          |       |     1 ||     1
